Map: Prüfung von Aiur LE

Players

Jockel

  • Race: Zerg Zerg
  • League: Diamond
  • Spawn Location: 5:00

Panda - Winner!

  • Race: Zerg Zerg
  • League: Diamond
  • Spawn Location: 11:00

VOD

Have the link to the VOD?

Description

Time

  • Played on: Sept. 7, 2017, 9:30 a.m.
  • Length: 3:54
Show
View Real Time Build Order
Export as new Build Order

Jockel Zerg 

Build Orders: Pool First 

Get SALT Encoding   

  12  0:01  Drone  
  13  0:12  Drone  
  14  0:22  Extractor  
  14  0:23  Drone  
  14  0:34  Spawning Pool  
  13  0:36  Drone  
  14  0:44  Overlord  
  14  0:52  Extractor, Drone  
  15  1:04  Drone  
  16  1:21  Zergling x6  
  16  1:23  Queen  
  21  1:30  Metabolic Boost  
  21  1:34  Zergling x2  
  22  1:45  Overlord  
  22  2:06  Hatchery  
  22  2:08  Zergling x4  
  23  2:21  Zergling x2  
  23  2:39  Overlord  
  23  2:40  Zergling x6  
  21  2:52  Zergling x2  
  21  2:57  Baneling Nest  
  20  3:02  Zergling x2  
  21  3:11  Zergling x6  
  21  3:28  Zergling x4  
  20  3:34  Zergling x2  
  20  3:36  Zergling x2  
Show
View Real Time Build Order
Export as new Build Order

Panda Zerg - Winner!

Build Orders: Pool Only 

Get SALT Encoding   

  12  0:01  Drone  
  13  0:15  Extractor  
  12  0:24  Spawning Pool  
  12  0:28  Drone  
  12  0:33  Drone  
  13  0:42  Overlord  
  13  0:50  Drone  
  14  1:11  Zergling x4  
  16  1:12  Zergling x2  
  16  1:17  Metabolic Boost  
  17  1:22  Zergling x2  
  18  1:33  Zergling x2  
  19  1:41  Baneling Nest  
  19  1:44  Zergling x2  
  19  1:54  Queen  
  19  1:56  Zergling x2  
  22  2:06  Overlord  
  21  2:19  Zergling x2  
  21  2:32  Zergling x2  
  22  2:38  Zergling x2  
  23  2:50  Zergling x2  
  23  2:56  Baneling  
  23  2:57  Baneling  
  23  2:59  Zergling x2  
  24  3:07  Zergling x2  
  24  3:08  Zergling x4  
  24  3:35  Zergling x6  
Tags
 
Add a new tag
Caveats
  • Supply blocks, unpowered buildings, or Contaminate may cause inaccurate times.
  • Supply counts are checked every 10 seconds.